 Dungeon Crawl Stone Soup version 0.31.0-9-g3a7656b989 (webtiles) character file.

Game seed: 9423782268683624539

71 qw the Shooter (level 4, -2/25 HPs)
             Began as a Deep Elf Hunter on Feb 2, 2024.
             Slain by a goblin
             ... wielding a +0 club
              (3 damage)
             ... on level 2 of the Dungeon.
             The game lasted 00:00:05 (1463 turns).

qw the Shooter (Deep Elf Hunter)                    Turns: 1463, Time: 00:00:05

Health: -2/25      AC:  5    Str: 10    XL:     4   Next: 5%
Magic:  6/6        EV: 12    Int: 14    God:
Gold:   60         SH:  0    Dex: 18    Spells: 3/3 levels left

rFire   . . .        a - +0 shortbow
rCold   . . .        (shield currently unavailable)
rNeg    . . .        c - +0 leather armour
rPois   .            f - +0 helmet
rElec   .            h - +0 cloak
rCorr   .            (no gloves)
SInv    .            (no boots)
Will    .....        (no amulet)
Stlth   ++           (no ring)
HPRegen 0.24/turn    (no ring)
MPRegen 0.10/turn

%: no passive effects
@: about to teleport
A: no striking features
a: no special abilities


You were on level 2 of the Dungeon.
You visited 1 branch of the dungeon, and saw 2 of its levels.

You collected 60 gold pieces.


   Skills:
 - Level 1.5 Fighting
 + Level 7.5 Ranged Weapons
 - Level 2.4 Dodging
 - Level 1.2 Stealth


You had 3 spell levels left.
You didn't know any spells.
Your spell library was empty.

Inventory:

Hand Weapons
 a - a +0 shortbow (weapon)
Armour
 c - a +0 leather armour (worn)
 e - a scarf of resistance
 f - a +0 helmet (worn)
 h - a +0 cloak (worn)
 n - a +0 pair of gloves
Scrolls
 b - a scroll of poison {unknown}
 d - a scroll of amnesia {unknown}
 g - 2 scrolls of identify
 j - a scroll of revelation {unknown}
Potions
 i - a potion of haste
 k - a potion of curing {unknown}
 m - a potion of enlightenment {unknown}

Dungeon Overview and Level Annotations

Branches:
Dungeon (2/15)

Altars:


Message History

You kill the ribbon worm!
The bat closely misses you. The bat misses you. The ribbon worm misses you.
The goblin hits you with a +0 club.
You shoot an arrow.
The arrow barely misses the ribbon worm.
The bat misses you.
The ribbon worm expels a string of sticky webbing.
The stream of webbing hits you but does no damage.
You are caught in a web!
The goblin barely misses you.
The web tears apart.
The goblin hits you but does no damage. The ribbon worm closely misses you.
The bat hits you but does no damage.
The ribbon worm bites you but does no damage.
You shoot an arrow. The arrow hits the ribbon worm.
The ribbon worm is lightly wounded.
The bat closely misses you. The goblin hits you but does no damage.
The ribbon worm expels a string of sticky webbing.
The stream of webbing hits you but does no damage.
You are caught in a web!
The ribbon worm bites you.
The web tears apart.
The goblin misses you. The bat closely misses you. The ribbon worm bites you.
You shoot an arrow. The arrow hits the ribbon worm.
The ribbon worm is lightly wounded.
The bat hits you. The ribbon worm closely misses you.
The goblin hits you but does no damage. The ribbon worm closely misses you.
You shoot an arrow. The arrow hits the ribbon worm.
The ribbon worm is lightly wounded.
The bat barely misses you. The goblin barely misses you.
The ribbon worm bites you!
1462 ||| READING scroll of teleportation.
As you read the scroll of teleportation, it crumbles to dust.
You feel strangely unstable. The bat hits you but does no damage.
The goblin barely misses you. The ribbon worm misses you.
The ribbon worm expels a string of sticky webbing.
The stream of webbing hits you but does no damage.
You are caught in a web!
The web tears apart.
The bat barely misses you. The goblin hits you with a +0 club.
You die...

...#..#.##..........
##.#.....##..#####..
#........###.#...# #
...#.......#+#.#.#
..#.....###......#
........# #......#
..#.##..# ###....#
##### ..#.##..#
#####%#......
..#.##..# #...%@w.#
#.#......
#...%gw....# #.###
### #...b....#?# +.#
.....#####...# ###
..... ...# # .#.#
#..# # #. ..# # ##


You could see 2 ribbon worms, a goblin and a bat.

Vanquished Creatures
  An adder (D:2)
  3 ribbon worms (D:2)
  2 dart slugs
  3 endoplasms (D:2)
  2 giant cockroaches (D:2)
  2 goblins (D:2)
  6 hobgoblins
  3 jackals (D:1)
  5 kobolds
  3 quokkas
  A ball python (D:2)
  7 bats
  4 frilled lizards
  5 rats
47 creatures vanquished.

Notes
Turn   | Place    | Note
-------+----------+-------------------------------------------
     0 | D:1      | qw the Deep Elf Hunter began the quest for the Orb.
     0 | D:1      | Reached XP level 1. HP: 12/12 MP: 3/3
     0 | D:1      | 0 ||| qw: Version: 0.3-a-155-g5e7d8dd
     0 | D:1      | 0 ||| qw: Game counter: 328
     0 | D:1      | 0 ||| qw: Melee chars always use a shield: true
     0 | D:1      | 0 ||| qw: God list: Okawaru
     0 | D:1      | 0 ||| qw: Allow faded altars: false
     0 | D:1      | 0 ||| qw: Do Orc after clearing Dungeon:15 true
     0 | D:1      | 0 ||| qw: Do second Lair branch before Depths: true
     0 | D:1      | 0 ||| qw: Lair rune preference: random
     0 | D:1      | 0 ||| qw: Goals: Normal
     0 | D:1      | 0 ||| PLANNING D:1-11
   137 | D:1      | Reached skill level 6 in Ranged Weapons
   137 | D:1      | Reached XP level 2. HP: 16/16 MP: 4/4
   450 | D:1      | Found a faded altar of an unknown god.
   713 | D:1      | 713 ||| UPGRADING to +0 helmet.
   718 | D:1      | 718 ||| UPGRADING to +0 cloak.
   723 | D:1      | 723 ||| READING scroll labelled IPEXIWEKHE.
   724 | D:1      | 724 ||| READING scroll labelled CIEKHLADWYME.
   727 | D:1      | 727 ||| READING 2 scrolls labelled QIJAME ZERGHOWN.
   727 | D:1      | 727 ||| IDENTIFYING sapphire potion
   728 | D:1      | 728 ||| DROPPING scroll of butterflies.
   813 | D:2      | Reached XP level 3. HP: 20/20 MP: 5/5
   879 | D:2      | Reached skill level 7 in Ranged Weapons
  1448 | D:2      | Reached XP level 4. HP: 24/25 MP: 6/6
  1461 | D:2      | HP: 1/25 [ribbon worm (7)]
  1462 | D:2      | 1462 ||| READING scroll of teleportation.
  1463 | D:2      | Slain by a goblin

Levels and vault maps discovered:
D:1:      beargit_arrival_greenhouse, layout_basic,
          shapermc_ecumenical_altar_mp_highgroup
D:2:      layout_basic, grunt_ministairs_15, minmay_circle_x

Skill      XL: |  1  2  3 |
---------------+----------+-----
Ranged Weapons | 6 7 |  7.5
Fighting       | |  1.5
Dodging        | |  2.4
Stealth        | |  1.2

Action                     |  1- 3 |  4- 6 || total
---------------------------+-------+-------++-------
   Fire: Shortbow          |   125 |    11 ||   136
    Use: Scroll            |     3 |     1 ||     4
 Armour: Leather armour    |    21 |    26 ||    47
  Dodge: Dodged            |    40 |    22 ||    62

Table legend:
 A = Non-vault XP
 B = Vault XP
 C = Vault XP percentage of total XP
 D = Non-vault monster count
 E = Vault monster count
 F = Vault count percentage of total count
                 A         B        C        D         E       F
            +---------+---------+-------+---------+---------+-------
      Total |      86 |      16 |  15.7 |      40 |       7 |  14.9
            +---------+---------+-------+---------+---------+-------
        D:1 |      29 |       0 |   0.0 |      16 |       0 |   0.0
        D:2 |      57 |      16 |  21.9 |      24 |       7 |  22.6
            +---------+---------+-------+---------+---------+-------
